 Dungeon Crawl Stone Soup version 0.16.0-12-g7215832 (webtiles) character file.

60344 Sorcv the Imperceptible (level 15, -5/89 HPs)
             Began as a Kobold Enchanter on Mar 18, 2015.
             Was the Champion of Ashenzari.
             Slain by a jumping spider (7 damage)
             ... on level 5 of the Lair of Beasts.
             The game lasted 01:28:12 (11365 turns).

Sorcv the Imperceptible (Kobold Enchanter)         Turns: 11365, Time: 01:28:12

Health: -5/89      AC:  7    Str: 11    XL:     15   Next: 37%
Magic:  27/27      EV: 19    Int: 13    God:    Ashenzari [******]
Gold:   1330       SH:  0    Dex: 26    Spells: 8 memorised, 6 levels left

rFire  . . .     SeeInvis +     a - +1 dagger (freeze) (curse)
rCold  . . .     Clarity  +     b - +1 robe (curse)
rNeg   . . .     SustAb   .     m - -4 buckler "Threqoiv" {Stlth+} (curse)
rPois  +         Gourm    .     (no helmet)
rElec  .         Spirit   .     y - +0 cloak (curse)
rCorr  .         Warding  .     u - +0 pair of gloves (curse)
rMut   .         Stasis   .     q - +1 pair of boots (curse)
MR     +....                    j - amulet of regeneration (curse)
Stlth  ++++++++++               i - ring of poison resistance
                                A - ring of invisibility (curse)

@: agile, held, repel missiles, somewhat resistant to hostile enchantments,
uncannily stealthy
A: blurry vision 1, carnivore 3, strong 1, wild magic 1
a: Scrying, Transfer Knowledge, Renounce Religion, Evoke Invisibility


You were on level 5 of the Lair of Beasts.
You worshipped Ashenzari.
Ashenzari was exalted by your worship.
You were full.

You visited 4 branches of the dungeon, and saw 21 of its levels.
You also visited: Labyrinth.

You collected 1330 gold pieces.

Inventory:

Hand weapons
 a - a cursed +1 dagger of freezing (weapon)
Missiles
 C - 7 throwing nets (quivered)
Armour
 b - a cursed +1 robe (worn)
 m - the cursed -4 buckler "Threqoiv" (worn) {Stlth+}
   (You found it on level 4 of the Lair of Beasts)

   It makes you more stealthy.
   It has a curse placed upon it.
 q - a cursed +1 pair of boots (worn)
 u - a cursed +0 pair of gloves (worn)
 y - a cursed +0 cloak (worn)
 H - a +0 shield of fire resistance
Jewellery
 c - an uncursed ring of positive energy
 i - a ring of poison resistance (right hand)
 j - a cursed amulet of regeneration (around neck)
 l - an uncursed amulet of resist mutation
 r - an uncursed amulet of resist corrosion
 A - a cursed ring of invisibility (left hand)
 G - an uncursed ring of protection from fire
 T - a cursed ring of teleportation
Magical devices
 k - a wand of enslavement (12)
 s - a wand of confusion (11)
 E - a wand of disintegration (11)
 U - a wand of draining (6)
 W - a wand of fire (5)
 Z - a wand of digging (7)
Scrolls
 e - 7 scrolls of teleportation
 f - 3 scrolls of fog
 h - 3 scrolls of fear
 n - 10 scrolls of remove curse
 o - 3 scrolls of amnesia
 B - 9 scrolls of recharging
 J - 2 scrolls of holy word
 N - 3 scrolls of curse weapon
 O - 6 scrolls of curse armour
 Q - 3 scrolls of identify
 R - 2 scrolls of enchant armour
 V - 2 scrolls of enchant weapon
Potions
 p - a potion of cancellation
 t - 4 potions of resistance
 v - 5 potions of curing
 w - 4 potions of brilliance
 z - 4 potions of restore abilities
 D - 4 potions of haste
 F - a potion of invisibility
 L - a potion of berserk rage
 Y - a potion of magic
Miscellaneous
 I - a lamp of fire
 M - a sack of spiders {used: 2}
 X - a lamp of fire
Comestibles
 d - 6 meat rations
 x - 3 beef jerkies
 S - 5 slices of pizza


   Skills:
 * Level 8.7 Fighting
 + Level 9.0(13.3) Short Blades
 + Level 11.9(14.6) Dodging
 + Level 21.5(23.6) Stealth
 - Level 4.6(7.5) Shields
 - Level 5.0 Spellcasting
 - Level 2.4(4.8) Conjurations
 - Level 7.3(10.3) Hexes
 - Level 2.0(4.3) Charms
 - Level 5.5(8.5) Necromancy
 - Level 2.5(5.0) Translocations
 - Level 1.0(2.7) Ice Magic
 - Level 2.8(5.3) Air Magic
 - Level 7.2(10.3) Evocations


You had 6 spell levels left.
You knew the following spells:

 Your Spells              Type           Power        Failure   Level  Hunger
a - Corona                Hex            #####..      1%          1    None
b - Ensorcelled Hibernat  Hex/Ice        ####..       5%          2    ##.....
c - Confuse               Hex            #####...     3%          3    ###....
d - Dazzling Spray        Conj/Hex       ####....     7%          3    ###....
e - Repel Missiles        Chrm/Air       ###...       11%         2    ##.....
f - Blink                 Tloc           N/A          11%         2    ##.....
g - Regeneration          Chrm/Necr      ####......   11%         3    ###....
h - Cure Poison           Pois           #.........   38%         2    ##.....


Dungeon Overview and Level Annotations

Branches:
Dungeon (11/15)            Temple (1/1) D:6            Lair (8/8) D:11
 Shoals (0/5) Lair:6       Spider (1/5) Lair:5        Slime (0/6) Lair:7
    Orc (0/4) D:11

Altars:
Ashenzari
Fedhas
Gozag
Kikubaaqudgha
Makhleb
Qazlal
Ru
Sif Muna
Trog
Yredelemnul
The Shining One

Shops:
D:6 (   D:11 }


Innate Abilities, Weirdness & Mutations

You are small and have problems with some larger weapons.
You are carnivorous and can eat meat at any time.
Scrolls take you a little longer to read.
Your muscles are strong. (Str +2)
Your spells are a little harder to cast, but a little more powerful.


Message History

The jumping spider completely misses you.
The jumping spider pounces on you!
* * * LOW HITPOINT WARNING * * *
The jumping spider completely misses you.
Read which item? (? for menu, Esc to quit)
The jumping spider completely misses you.
You block the jumping spider's attack.
The jumping spider completely misses you.
You block the jumping spider's attack.
You begin reading the scroll.
You continue reading the scroll.
The jumping spider barely misses you.
The jumping spider completely misses you.
You block the jumping spider's attack.
The jumping spider completely misses you. x3
The jumping spider barely misses you. x2
The jumping spider pounces on you!
* * * LOW HITPOINT WARNING * * *
You are caught in a web!
The jumping spider barely misses you. The jumping spider pounces on you!
You die...

........P......................##
........P....................#.##
.........###...................#.
..........##.................##.P
#.......#..##..............P##...
##.....#.####P.............###...
###..#### ###≈≈≈##.[....##P....
##.# ##.s.####....##..... *
##^.@.^## #...#......
##.#sss#.##*#.........
#.###.###^# #.........
##^#####.## #.....<...
#.###.#.#.# ##........
##.#.#.#^## ##........
#.###.###^# #......... ######
##.#...#.## ###....... ##...## ##
#.#.....#*###.#.PP....


You could see 4 jumping spiders.

Vanquished Creatures
  Rupert (Lair:8)
  A minotaur (Lab)
  Snorg (Lair:4)
  Harold (Lair:5)
  7 hydras
  A catoblepas (Lair:8)
  Erica (Lair:5)
  15 death yaks
  Nergalle (Lair:3)
  Erolcha (D:8)
  An unseen horror (D:11)
  Pikel (D:7)
  An ugly thing (D:11)
  6 black mambas
  15 elephants
  14 spiny frogs
  4 gargoyles (Lab)
  2 centaur skeletons (D:11)
  10 komodo dragons
  4 wandering mushrooms (Lab)
  2 fire drakes (Lair:3)
  3 polar bears
  4 merfolk (Lair:6)
  A jumping spider (Spider:1)
  12 blink frogs
  A wyvern (D:8)
  A spriggan (Lair:2)
  3 trapdoor spiders
  3 hungry ghosts
  31 yaks
  3 deep elf magi
  8 hippogriffs
  A steam dragon (Lair:5)
  12 wolves
  3 sky beasts
  A phantom (D:6)
  3 slaves (D:7)
  6 spiders (Lair:5)
  8 porcupines
  16 water moccasins
  2 ice beasts
  2 black bears
  An orc warrior (D:10)
  6 centaurs
  4 crocodiles
  16 giant frogs
  A wyvern zombie (D:11)
  4 big kobolds
  4 scorpions
  A killer bee (D:7)
  2 goliath beetles
  A giant frog zombie (D:8)
  2 crimson imps (D:6)
  A centaur zombie (D:8)
  10 orc priests
  4 jellies
  A giant frog skeleton (D:9)
  3 orc wizards
  10 iguanas
  11 hounds
  8 hell rats (Lair:5)
  7 sheep (Lair:3)
  6 worker ants
  Ijyb (D:3)
  2 hound skeletons
  A worker ant zombie (D:7)
  3 gnolls (D:10)
  19 adders
  31 river rats
  2 shadow imps
  A giant mite (D:3)
  2 worms
  An adder skeleton (D:8)
  3 oozes (Lair:7)
  25 orcs
  A bat zombie (D:7)
  11 goblins
  16 hobgoblins
  7 jackals
  10 quokkas
  12 bats
  8 giant cockroaches
  4 giant geckos
  5 giant newts
  A jackal skeleton (D:8)
  32 kobolds
  30 rats
  A ballistomycete (D:8)
  A fungus (Lair:7)
  A plant (Lair:7)
548 creatures vanquished.

Vanquished Creatures (collateral kills)
  A deep troll shaman (Lair:8)
  2 yaks (Lair:1)
  A hippogriff (Lair:1)
  3 wolves (Lair:1)
  A water moccasin (Lair:1)
  8 river rats (Lair:3)
16 creatures vanquished.

Vanquished Creatures (others)
  2 trapdoor spiders (Lair:1)
  A slave (D:7)
  A giant mite (Lair:1)
  A kobold (D:7)
  A giant spore (D:8)
  A fungus (Lair:7)
7 creatures vanquished.

Grand Total: 571 creatures vanquished

Notes
Turn   | Place    | Note
--------------------------------------------------------------
     0 | D:1      | Sorcv, the Kobold Enchanter, began the quest for the Orb.
     0 | D:1      | Reached XP level 1. HP: 10/10 MP: 3/3
    86 | D:1      | Reached XP level 2. HP: 15/15 MP: 4/4
    98 | D:1      | Learned a level 2 spell: Ensorcelled Hibernation
   192 | D:1      | Reached skill level 5 in Stealth
   356 | D:1      | Reached XP level 3. HP: 16/19 MP: 6/6
   361 | D:1      | Learned a level 3 spell: Confuse
   607 | D:2      | Found a glowing golden altar of the Shining One.
   646 | D:2      | Reached skill level 6 in Stealth
   702 | D:3      | Reached XP level 4. HP: 24/24 MP: 7/7
   901 | D:3      | Noticed Ijyb
   941 | D:3      | Killed Ijyb
   941 | D:3      | Reached skill level 7 in Stealth
  1104 | D:3      | Reached XP level 5. HP: 28/28 MP: 6/9
  1186 | D:3      | Found a glowing golden altar of the Shining One.
  1325 | D:3      | Reached skill level 8 in Stealth
  1797 | D:4      | Found a shattered altar of Ashenzari.
  1802 | D:4      | Reached skill level 9 in Stealth
  1802 | D:4      | Reached XP level 6. HP: 32/32 MP: 7/10
  1815 | D:4      | Became a worshipper of Ashenzari the Shackled
  2279 | D:4      | Reached skill level 10 in Stealth
  2291 | D:5      | Entered Level 5 of the Dungeon
  2294 | D:5      | Found a basalt altar of Yredelemnul.
  2295 | D:5      | Found a deep blue altar of Sif Muna.
  2435 | D:5      | Reached XP level 7. HP: 33/36 MP: 7/12
  2527 | D:5      | Found a blossoming altar of Fedhas.
  2681 | D:5      | Reached skill level 1 in Ice Magic
  2682 | D:5      | Found a sacrificial altar of Ru.
  2723 | D:5      | Noticed an ice beast
  2733 | D:5      | Killed an ice beast
  2763 | D:5      | Noticed a water moccasin
  2789 | D:5      | Killed a water moccasin
  2855 | D:6      | Found a stormy altar of Qazlal.
  2935 | D:6      | Reached skill level 5 in Hexes
  2935 | D:6      | Reached XP level 8. HP: 20/41 MP: 10/13
  3097 | D:6      | Found Sozumn's Antique Weapon Shop.
  3117 | D:6      | Reached skill level 11 in Stealth
  3472 | D:6      | Found a staircase to the Ecumenical Temple.
  3478 | Temple   | Entered the Ecumenical Temple
  3814 | D:7      | Noticed Pikel
  3862 | D:7      | Killed Pikel
  3862 | D:7      | Reached XP level 9. HP: 45/45 MP: 13/18
  3933 | D:7      | Reached skill level 12 in Stealth
  4125 | D:8      | Found an opulent altar of Gozag.
  4179 | D:8      | Noticed Erolcha
  4243 | D:8      | Found an ancient bone altar of Kikubaaqudgha.
  4389 | D:8      | Found a bloodstained altar of Trog.
  4563 | D:8      | Killed Erolcha
  4563 | D:8      | Reached skill level 5 in Dodging
  4563 | D:8      | Reached XP level 10. HP: 43/50 MP: 4/20
  4596 | D:8      | Noticed a komodo dragon
  4598 | D:8      | Killed a komodo dragon
  4804 | D:9      | Reached skill level 13 in Stealth
  4954 | D:9      | Found a burning altar of Makhleb.
  5273 | D:10     | Entered Level 10 of the Dungeon
  5273 | D:10     | Found a deep blue altar of Sif Muna.
  5299 | D:10     | Acquired Ashenzari's first power
  5315 | D:10     | Reached skill level 5 in Short Blades
  5455 | D:10     | Noticed a four-headed hydra
  5470 | D:10     | Learned a level 3 spell: Dazzling Spray
  5853 | D:10     | Reached XP level 11. HP: 41/54 MP: 11/21
  5866 | D:10     | Noticed a deep troll
  5960 | D:10     | Noticed a gargoyle
  5979 | D:11     | Found Xaiqax's Gadget Boutique.
  6064 | D:11     | Noticed a five-headed hydra
  6070 | D:11     | Killed a five-headed hydra
  6070 | D:11     | Reached skill level 10 in Dodging
  6070 | D:11     | Reached skill level 14 in Stealth
  6099 | D:11     | Noticed a red ugly thing
  6116 | D:11     | Killed a red ugly thing
  6127 | D:11     | Noticed an unseen horror
  6135 | D:11     | Killed an unseen horror
  6376 | D:11     | Found a staircase to the Orcish Mines.
  6417 | D:11     | Acquired Ashenzari's second power
  6455 | D:11     | Found a staircase to the Lair.
  6462 | Lair:1   | Entered Level 1 of the Lair of Beasts
  6510 | Lair:1   | Reached skill level 15 in Stealth
  6520 | Lair:1   | Learned a level 2 spell: Repel Missiles
  6523 | Lair:1   | Learned a level 2 spell: Blink
  6751 | Lair:1   | Reached skill level 16 in Stealth
  6785 | Lair:1   | Found a labyrinth entrance.
  6789 | Lair:1   | Reached XP level 12. HP: 59/59 MP: 13/22
  6801 | Lab      | Entered a labyrinth
  6962 | Lab      | Reached skill level 17 in Stealth
  7192 | Lab      | Noticed a minotaur
  7196 | Lab      | Killed a minotaur
  7196 | Lab      | Identified the +3 scale mail "Schehoamp" {+Inv rF+ rCorr} (You took it off a minotaur in a labyrinth)
  7196 | Lab      | Reached skill level 18 in Stealth
  7206 | Lab      | Identified a +4 rod of the swarm (14/14)
  7434 | Lair:2   | Acquired Ashenzari's third power
  7560 | Lair:2   | Reached skill level 19 in Stealth
  7565 | Lair:2   | Noticed an eight-headed hydra
  7573 | Lair:2   | Killed an eight-headed hydra
  7821 | Lair:3   | Noticed an eight-headed hydra
  7827 | Lair:3   | Reached XP level 13. HP: 63/63 MP: 15/23
  7830 | Lair:3   | Killed an eight-headed hydra
  7830 | Lair:3   | Reached skill level 20 in Stealth
  8160 | Lair:3   | Noticed Nergalle
  8169 | Lair:3   | Killed Nergalle
  8181 | Lair:3   | Acquired Ashenzari's fourth power
  8189 | Lair:3   | Reached skill level 1 in Conjurations
  8189 | Lair:3   | Reached skill level 1 in Translocations
  8189 | Lair:3   | Reached skill level 1 in Air Magic
  8203 | Lair:3   | Reached skill level 1 in Charms
  8310 | Lair:3   | Identified a scroll of acquirement
  8402 | Lair:4   | Got the cursed buckler "Threqoiv" {Stlth+}
  8408 | Lair:4   | Identified the cursed -4 buckler "Threqoiv" {Stlth+} (You found it on level 4 of the Lair of Beasts)
  8446 | Lair:4   | Reached skill level 1 in Shields
  8475 | Lair:4   | Learned a level 3 spell: Regeneration
  8536 | Lair:4   | Noticed Snorg
  8543 | Lair:4   | Killed Snorg
  8543 | Lair:4   | Reached skill level 1 in Necromancy
  8567 | Lair:4   | Reached skill level 1 in Fighting
  8722 | Lair:5   | Noticed Erica
  8729 | Lair:5   | Killed Erica
  8803 | Lair:5   | Gained mutation: Your spells are a little harder to cast, but a little more powerful. [potion of mutation]
  8803 | Lair:5   | Gained mutation: Your muscles are strong. (Str +2) [potion of mutation]
  8803 | Lair:5   | Gained mutation: Scrolls take you a little longer to read. [potion of mutation]
  8833 | Lair:5   | Noticed Harold
  8848 | Lair:5   | Killed Harold
  8942 | Lair:5   | Found a hole to the Spider Nest.
  9566 | Lair:6   | Reached XP level 14. HP: 72/74 MP: 22/25
  9737 | Lair:6   | Found a staircase to the Shoals.
 10019 | Lair:7   | Found a staircase to the Slime Pits.
 10053 | Lair:7   | Reached skill level 5 in Fighting
 10065 | Lair:7   | Reached skill level 5 in Necromancy
 10143 | Lair:7   | Reached skill level 21 in Stealth
 10665 | Lair:8   | Entered Level 8 of the Lair of Beasts
 10756 | Lair:8   | Reached XP level 15. HP: 86/86 MP: 6/25
 10891 | Lair:8   | HP: 4/88 [deep troll shaman (18)]
 11029 | Lair:8   | Reached skill level 5 in Spellcasting
 11086 | Lair:8   | Noticed Rupert
 11101 | Lair:8   | Killed Rupert
 11157 | Lair:8   | Identified the Disquisition on Damaging Poison (You found it on level 8 of the Lair of Beasts)
 11161 | Lair:8   | Learned a level 2 spell: Cure Poison
 11349 | Spider:1 | Entered Level 1 of the Spider Nest
 11365 | Lair:5   | HP: 2/89 [jumping spider (14)]
 11365 | Lair:5   | Slain by a jumping spider

Action                   |  1- 3 |  4- 6 |  7- 9 | 10-12 | 13-15 || total
-------------------------+-------+-------+-------+-------+-------++-------
Melee: Dagger            |    78 |    96 |   195 |   435 |   516 ||  1320
 Cast: Ensorcelled Hiber |       |    12 |    24 |   108 |    98 ||   242
       Confuse           |       |       |    20 |    10 |    11 ||    41
       Dazzling Spray    |       |       |       |    11 |    22 ||    33
       Corona            |       |       |       |     1 |       ||     1
       Repel Missiles    |       |       |       |       |     1 ||     1
 Abil: Evoke Invisibilit |       |       |     1 |     8 |     9 ||    18
Evoke: Wand              |       |       |     1 |     4 |     4 ||     9
       Sack of spiders   |       |       |       |     1 |     1 ||     2
  Use: Scroll            |       |    10 |     9 |    12 |    11 ||    42
       Potion            |       |       |     8 |       |     5 ||    13
 Stab: Sleeping          |     7 |    15 |    29 |    84 |   137 ||   272
       Distracted        |       |     2 |     4 |       |     2 ||     8
       Confused          |       |       |     9 |     6 |     2 ||    17
       Invisible         |       |       |     2 |    32 |    65 ||    99
  Eat: Chunk             |       |     7 |    14 |    23 |    32 ||    76
       Meat ration       |       |     1 |       |       |       ||     1
       Beef jerky        |       |       |       |     2 |       ||     2
